 Dungeon Crawl Stone Soup version 0.18.1-48-g4cf74bf (webtiles) character file.

318 Jerry the Ducker (level 6, -7/41 HPs)
             Began as a Merfolk Ice Elementalist on July 12, 2016.
             Killed by divine providence
             ... invoked by an orc priest
              (15 damage)
             ... on level 4 of the Dungeon.
             The game lasted 00:22:33 (3876 turns).

Jerry the Ducker (Merfolk Ice Elementalist)         Turns: 3876, Time: 00:22:34

Health: -7/41      AC:  8    Str:  8    XL:     6   Next: 45%
Magic:  1/9        EV: 16    Int: 16    God:
Gold:   76         SH:  0    Dex: 15    Spells: 2 memorised, 5 levels left

rFire  + . .     SeeInvis +     C - +0 spear
rCold  . . .     Gourm    .     e - +2 robe
rNeg   . . .     Faith    +     (no shield)
rPois  .         Spirit   .     h - +2 hat {SInv}
rElec  .         Dismiss  .     (no cloak)
rCorr  .         Reflect  .     d - +1 pair of gloves
SustAt .         Harm     .     (no boots)
MR     .....                    w - amulet of faith
Stlth  ++........               p - +2 ring of evasion
                                k - ring of protection from fire

@: flying, not resistant to hostile enchantments, unstealthy
A: change form in water, swift swim
a: no special abilities


You were on level 4 of the Dungeon.
You were not hungry.

You visited 1 branch of the dungeon, and saw 4 of its levels.

You collected 260 gold pieces.
You spent 184 gold pieces at shops.

Inventory:

Hand Weapons
 m - a +0 hunting sling
 C - a +0 spear (weapon)
Missiles
 y - 61 stones (quivered)
Armour
 d - a +1 pair of gloves (worn)
 e - a +2 robe (worn)
 h - a +2 hat of see invisible (worn)
Jewellery
 k - a ring of protection from fire (left hand)
 p - a +2 ring of evasion (right hand)
 w - an amulet of faith (around neck)
Wands
 z - a wand of paralysis (18/24)
Scrolls
 j - a scroll of remove curse
 n - 2 scrolls of enchant armour {unknown}
 q - 3 scrolls of fear {unknown}
 r - 3 scrolls of identify {unknown}
 s - a scroll of magic mapping {unknown}
 t - 3 scrolls of blinking {unknown}
 B - a scroll of fog {unknown}
Potions
 g - a potion of ambrosia {unknown}
 i - a potion of curing {unknown}
 x - a potion of resistance {unknown}
Books
 b - a book of Frost

   Spells                             Type                      Level
   a - Freeze                         Ice                          1
   b - Throw Frost                    Conjuration/Ice              2
   c - Ozocubu's Armour               Charms/Ice                   3
   d - Throw Icicle                   Conjuration/Ice              4
   e - Summon Ice Beast               Ice/Summoning                4
Comestibles
 a - 2 chunks of flesh
 c - 3 bread rations
 v - a beef jerky


   Skills:
 + Level 3.5 Polearms
 + Level 4.6 Dodging
 - Level 2.1 Stealth
 - Level 2.0 Spellcasting
   Level 0.7 Conjurations
 + Level 4.1 Charms
 - Level 4.5 Ice Magic


You had 5 spell levels left.
You knew the following spells:

 Your Spells              Type           Power        Failure   Level  Hunger
a - Freeze                Ice            ###.         3%          1    #......
b - Ozocubu's Armour      Chrm/Ice       ###.....     12%         3    ###....


Dungeon Overview and Level Annotations

Branches:
Dungeon (4/15)
 Temple: D:4-7

Altars:
Dithmenos
Trog
Zin

Shops:
D:4 [


Message History

The orc priest hits you but does no damage.
The orc priest misses you.
Casting: Freeze
Confirm with . or Enter, or press ? or * to list all spells.
Aiming: Freeze
Press: ? - help, Shift-Dir - straight line, f/p - orc priest
Aim: an orc priest, wielding a club (heavily wounded)
You freeze the orc priest.
The orc priest is severely wounded.
The orc priest completely misses you.
Casting: Freeze
Confirm with . or Enter, or press ? or * to list all spells.
Aiming: Freeze
Press: ? - help, Shift-Dir - straight line, f/p - orc priest
Aim: an orc priest, wielding a club (severely wounded)
You freeze the orc priest.
You kill the orc priest!
The orc priest mumbles some strange prayers to Beogh against you.
Beogh smites you!
You die...

#...##y##...# #. ..
#....###....# ....
...#...........# ...#
...##.........####...#..
#..##....†..##......#..
#...####.####..........
#.....##.##............
##....).÷...............
#......@.###............
#.....o).+..#......###..
#........##.#......###..
#........##.#.####......
........>'.......+......
.........##.#....#......
.........##.#......##.[.
#........##.#......##.∩.
##########+#.#....#####


You could see an orc priest.

Vanquished Creatures
  A scorpion (D:4)
  An orc priest (D:4)
  Jessica (D:2)
  An iguana (D:4)
  4 gnolls (D:3)
  4 adders
  An ooze (D:2)
  3 worms
  2 dart slugs (D:3)
  3 giant geckos
  8 orcs
  3 ball pythons
  2 giant cockroaches
  10 goblins
  5 hobgoblins
  6 jackals
  9 kobolds
  2 quokkas
  5 bats
  6 giant newts
  11 rats
88 creatures vanquished.

Notes
Turn   | Place    | Note
--------------------------------------------------------------
     0 | D:1      | Jerry the Merfolk Ice Elementalist began the quest for the Orb.
     0 | D:1      | Reached XP level 1. HP: 13/13 MP: 3/3
   408 | D:1      | Reached XP level 2. HP: 18/19 MP: 3/5
  1195 | D:1      | Reached XP level 3. HP: 23/24 MP: 3/6
  1376 | D:2      | Noticed Jessica
  1385 | D:2      | Killed Jessica
  1385 | D:2      | Reached XP level 4. HP: 9/30 MP: 2/7
  1605 | D:2      | Learned a level 3 spell: Ozocubu's Armour
  1703 | D:2      | Reached skill level 1 in Charms
  2429 | D:3      | Reached XP level 5. HP: 35/35 MP: 5/8
  2684 | D:3      | Reached skill level 1 in Polearms
  2829 | D:3      | Found a glowing silver altar of Zin.
  2829 | D:3      | Found a shadowy altar of Dithmenos.
  3245 | D:4      | Reached XP level 6. HP: 35/41 MP: 4/9
  3620 | D:4      | Found Zead's Antique Armour Shoppe.
  3624 | D:4      | Bought a pair of glowing gloves for 90 gold pieces
  3624 | D:4      | Bought a glowing robe for 14 gold pieces
  3624 | D:4      | Bought an embroidered hat for 80 gold pieces
  3689 | D:4      | Noticed a moth of wrath
  3692 | D:4      | Found a bloodstained altar of Trog.
  3871 | D:4      | HP: 1/41 [orc priest/nerve-wracking pain (8)]
  3876 | D:4      | Killed from afar by an orc priest

Skill      XL: |  1  2  3  4  5  6 |
---------------+-------------------+-----
Dodging        | 3 4 |  4.6
Ice Magic      | 4 |  4.5
Charms         | 2 3 4 |  4.1
Polearms       | 2 3 |  3.5
Stealth        | |  2.1
Spellcasting   | |  2.0
Conjurations   | |  0.7

Action                   |  1- 3 |  4- 6 || total
-------------------------+-------+-------++-------
Melee: Club              |     9 |       ||     9
       Dagger            |    18 |       ||    18
       Whip              |       |    15 ||    15
       Spear             |       |    93 ||    93
 Fire: Hunting sling     |     6 |    61 ||    67
Throw: Stone             |     1 |     1 ||     2
 Cast: Freeze            |    36 |    59 ||    95
  Use: Scroll            |       |     3 ||     3
       Potion            |       |     2 ||     2
 Stab: Sleeping          |     2 |     1 ||     3
       Distracted        |       |     2 ||     2
  Eat: Chunk             |     2 |     9 ||    11
Armor: Robe              |     8 |    16 ||    24
       Scale mail        |       |     1 ||     1
Dodge: Dodged            |    57 |   107 ||   164
